 Dungeon Crawl Stone Soup version 0.31.0-11-ge490571c62 (webtiles) character file.

Game seed: 188491810296933038

42 Minsecho the Ducker (level 3, 0/19 HPs)
             Began as a Spriggan Monk on Jan 29, 2024.
             Slain by a cerulean imp
             ... wielding a +2 spear
             ... summoned by Natasha
              (4 damage)
             ... on level 2 of the Dungeon.
             The game lasted 00:01:57 (1241 turns).

Minsecho the Ducker (Spriggan Monk)                 Turns: 1241, Time: 00:01:58

Health: 0/19       AC:  2    Str:  9    XL:     3   Next: 35%
Magic:  4/4        EV: 19    Int: 11    God:
Gold:   95         SH:  0    Dex: 17    Spells: 2/2 levels left

rFire   . .          .
                       - Unarmed
rCold   . . .        c - orb {light}
rNeg    . . .        a - +0 robe
rPois   .            (helmet restricted)
rElec   .            (no cloak)
rCorr   .            (gloves unavailable)
SInv    +            (boots unavailable)
Will    .....        (no amulet)
Stlth   +            (no ring)
HPRegen 0.23/turn    (no ring)
MPRegen 0.09/turn

%: no passive effects
@: slowed, glowing, quick
A: very small, no large weapons, unfitting armour, see invisible, speed 3
a: no special abilities


You were on level 2 of the Dungeon.
You visited 1 branch of the dungeon, and saw 2 of its levels.

You collected 95 gold pieces.

Inventory:

Armour
 a - a +0 robe (worn)
 c - an orb of light (worn)
 j - an orb of mayhem
Scrolls
 g - a scroll of acquirement {unknown}
 h - a scroll of revelation {unknown}
 i - a scroll of teleportation {unknown}
 k - a scroll of fear {unknown}
Potions
 d - a potion of heal wounds {unknown}
 e - 2 potions of haste {unknown}
 f - a potion of curing {unknown}
 l - 2 potions of berserk rage {unknown}


   Skills:
 * Level 2.8 Fighting
 + Level 4.5 Dodging
 * Level 0.9 Stealth
 + Level 3.0 Unarmed Combat


You had 2 spell levels left.
You didn't know any spells.
Your spell library was empty.

Dungeon Overview and Level Annotations

Branches:
Dungeon (2/15)

Altars:

Shops:
D:1 (

Annotations:
D:2 Natasha


Innate Abilities, Weirdness & Mutations

You are very small and have problems with some larger weapons.
You are too small for most types of armour.
You have supernaturally acute eyesight. (SInv)
You cover ground extremely quickly. (Speed+++)


Message History

The cerulean imp hits you from afar with a +2 spear.
* * * LOW HITPOINT WARNING * * *
Natasha misses you.
Okay, then.
You are confused.
You feel invigorated.
The cerulean imp hits you from afar with a +2 spear.
The cerulean imp barely misses you. Natasha claws you.
* * * LOW HITPOINT WARNING * * *
You completely miss Natasha.
Natasha is lightly wounded.
The cerulean imp closely misses you. The cerulean imp completely misses you.
Natasha claws you but does no damage. The cerulean imp misses you.
The cerulean imp closely misses you.
You're too confused to move!
Natasha extends her claws.
Natasha misses you.
The cerulean imp hits you with a +2 spear.
The cerulean imp misses you. Natasha barely misses you.
You feel less invigorated.
You feel less confused. The cerulean imp closely misses you.
The cerulean imp completely misses you. Natasha closely misses you.
You hit Natasha but do no damage.
The cerulean imp hits you from afar with a +2 spear.
The cerulean imp completely misses you. Natasha completely misses you.
You hit Natasha.
Natasha is lightly wounded.
The cerulean imp completely misses you. The cerulean imp misses you.
Natasha barely misses you.
The cerulean imp hits you from afar with a +2 spear!
The cerulean imp hits you from afar with a +2 spear.
* * * LOW HITPOINT WARNING * * *
Okay, then.
Natasha attacks as she pursues you! Natasha misses you.
The cerulean imp hits you from afar with a +2 spear.
* * * LOW HITPOINT WARNING * * *
Natasha attacks as she pursues you! Natasha closely misses you.
The cerulean imp hits you from afar with a +2 spear.
You die...

###.# #.# #####.#
..##.# . #.##.#
..##+######.##.#
.......5.##..[.###
.................#
.......5h@.<.....#
#+#######........#
#........#
#####.#### #.# #.#
.#


You could see Natasha and 2 cerulean imps.

Vanquished Creatures
  2 adders (D:2)
  A dart slug (D:2)
  3 ball pythons
  An endoplasm (D:1)
  3 giant cockroaches
  3 goblins
  2 hobgoblins (D:2)
  2 bats (D:1)
  3 kobolds (D:1)
  2 rats (D:1)
22 creatures vanquished.

Notes
Turn   | Place    | Note
-------+----------+-------------------------------------------
     0 | D:1      | Minsecho the Spriggan Monk began the quest for the Orb.
     0 | D:1      | Reached XP level 1. HP: 11/11 MP: 2/2
   276 | D:1      | Found Eqeneekleu's Antique Weapon Shoppe.
   372 | D:1      | Reached XP level 2. HP: 16/16 MP: 3/3
  1012 | D:2      | Reached XP level 3. HP: 19/19 MP: 4/4
  1221 | D:2      | Noticed Natasha
  1241 | D:2      | Slain by a cerulean imp

Illustrated notes

Levels and vault maps discovered:
D:1:      dpeg_arrival_shelter, layout_loops_corners, serial_shops,
          nicolae_shop_crystal
D:2:      layout_basic, uniq_natasha

Skill      XL: |  1  2  3 |
---------------+----------+-----
Unarmed Combat | 3 |  3.0
Fighting       | |  2.8
Dodging        | |  4.5
Stealth        | |  0.9

Action                     || total
---------------------------++-------
  Melee: Unarmed           ||    98
    Use: Potion            ||     1
 Armour: Robe              ||    37
  Dodge: Dodged            ||    91
